 Dungeon Crawl Stone Soup version 0.31-a0-210-gccc998df9b (webtiles) character file.

Game seed: 1547134393246450765

365 qw the Chopper (level 6, -2/39 HPs)
             Began as a Gargoyle Fighter on June 30, 2023.
             Slain by Duvessa
             ... wielding a +0 short sword
              (4 damage)
             ... on level 4 of the Dungeon.
             The game lasted 00:01:32 (3875 turns).

qw the Chopper (Gargoyle Fighter)                   Turns: 3875, Time: 00:01:32

Health: -2/39      AC: 11    Str: 21    XL:     6   Next: 68%
Magic:  21/21      EV:  9    Int:  9    God:
Gold:   195        SH:  4    Dex:  9    Spells: 5/5 levels left

rFire   . . .        Y - +0 war axe
rCold   . . .        c - +0 buckler
rNeg    + . .        b - +0 scale mail
rPois   inf          (no helmet)
rElec   +            (no cloak)
rCorr   .            (no gloves)
SInv    .            (no boots)
Will    .....        m
                       - Hermit's Pendant {Faith Invo=14 Evo=0 MP+5} Stlth
                     (no ring)
HPRegen 0.26/turn    (no ring)
MPRegen 0.17/turn

%: faith
@: no status effects
A: sickness immunity, AC +4, negative energy resistance 1, electricity
resistance, torment resistance 1, petrification resistance
a: no special abilities


You were on level 4 of the Dungeon.
You visited 1 branch of the dungeon, and saw 4 of its levels.

You collected 195 gold pieces.


Innate Abilities, Weirdness & Mutations

You are immune to sickness and miasma.
Your stone body is resilient. (AC +4)
You are immune to poison.
You resist negative energy. (rN+)
You are resistant to electric shocks. (rElec)
You are resistant to unholy torment.
You are immune to petrification.


   Skills:
 - Level 4.4 Fighting
 + Level 5.3 Axes
 - Level 3.2 Armour
 - Level 1.6 Dodging
 - Level 3.2 Shields


You had 5 spell levels left.
You didn't know any spells.
Your spell library was empty.

Inventory:

Hand Weapons
 o - a +0 flail
 Y - a +0 war axe (weapon)
Armour
 b - a +0 scale mail (worn)
 c - a +0 buckler (worn)
Jewellery
 h - an amulet of the acrobat
 i - a +5 ring of evasion
 m - the Hermit's Pendant (around neck) {Faith Invo=14 Evo=0 MP+5}
   (You found it on level 3 of the Dungeon)

   [amulet of faith]

   Invo=14: It sets your Invocations skill to 14.
   Evo=0: It sets your Evocations skill to 0.
   It allows you to gain divine favour quickly.
   MP:        It affects your magic capacity (+5).
Scrolls
 k - 2 scrolls of identify
Potions
 a - 2 potions of heal wounds {unknown}
 d - a potion of might
 e - a potion of lignification {unknown}
 f - a potion of invisibility
 g - a potion of enlightenment {unknown}
 j - a potion of ambrosia {unknown}
 l - a potion of magic {unknown}

Dungeon Overview and Level Annotations

Branches:
Dungeon (4/15)
 Temple: D:4-7

Altars:
Ashenzari
Fedhas
Makhleb
Uskayaw
Vehumet

Annotations:
D:3 3 runed translucent doors, qw's ghost, amateur DEHu
D:4 Duvessa


Message History

Dowan is moderately wounded.
You hit something. You barely miss the adder. Dowan barely misses you.
Something hits you. The adder barely misses you. Something hits you.
Dowan hits you but does no damage.
You slash Dowan!
Dowan is severely wounded.
You closely miss the adder. You closely miss something.
The adder barely misses you. The adder bites you but does no damage.
Dowan points at you and mumbles some strange words.
You resist with some effort. Something hits you.
You barely miss Dowan.
Dowan is severely wounded.
You barely miss the adder. You barely miss something.
You block the adder's attack. Dowan barely misses you.
Something hits you but does no damage. The adder closely misses you.
You slash Dowan!
You kill Dowan!
Something screams in a voice full of rage, "No, no!"
You barely miss the adder. You miss something. Something hits you.
The adder bites you but does no damage. Something hits you but does no damage.
You barely miss the adder. You hit something but do no damage.
Something hits you. You block the adder's attack. You block something's attack.
The adder bites you but does no damage.
You hit the adder.
The adder is lightly wounded.
You hit something but do no damage. Something hits you but does no damage.
The adder bites you but does no damage. Something hits you.
You block the adder's attack.
You miss the adder.
The adder is lightly wounded.
You miss something. Something hits you. The adder closely misses you.
Something hits you but does no damage.
You miss the adder.
The adder is lightly wounded.
You hit something. The adder bites you but does no damage. Something hits you.
The adder bites you but does no damage. Something hits you.
You die...

#..............#....#
#..#..#######..#....#
######...#######.>..#
#..........'....#
#..........#....#
##.....#####....#
#######........#
..............#
......S@......#
......{)......#
.....!..........
......####.......
...... '.......
...... ....... .....
....## ..... +##


You could see an adder.

Vanquished Creatures
  A phantom (D:4)
  Dowan (D:4)
  A crimson imp (D:4)
  A hound (D:4)
  An orc priest (D:3)
  Terence (D:2)
  2 adders
  A gnoll (D:1)
  2 worms
  4 dart slugs
  7 orcs (D:3)
  5 endoplasms
  2 giant cockroaches (D:1)
  2 goblins
  10 hobgoblins
  6 quokkas
  7 ball pythons
  5 bats
  A frilled lizard (D:1)
  8 kobolds
  5 rats
73 creatures vanquished.

Notes
Turn   | Place    | Note
-------+----------+-------------------------------------------
     0 | D:1      | qw the Gargoyle Fighter began the quest for the Orb.
     0 | D:1      | Reached XP level 1. HP: 14/14 MP: 1/1
     0 | D:1      | 0 ||| qw: Version: 0.3-a-24-ga2abf7b
     0 | D:1      | 0 ||| qw: Game counter: 7093
     0 | D:1      | 0 ||| qw: Melee chars always use a shield: true
     0 | D:1      | 0 ||| qw: God list: Okawaru
     0 | D:1      | 0 ||| qw: Allow faded altars: false
     0 | D:1      | 0 ||| qw: Do Orc after clearing Dungeon:15 true
     0 | D:1      | 0 ||| qw: Do second Lair branch before Depths: true
     0 | D:1      | 0 ||| qw: Lair rune preference: random
     0 | D:1      | 0 ||| qw: Goals: Normal, Zot:1-4, Slime:5, God:TSO, Crypt,
                  | Tomb, Abyss, Pan, Hells, Win
     0 | D:1      | 0 ||| PLANNING D:1-11
     8 | D:1      | 8 ||| Stepping ~*~*~tactically~*~*~ (stealth).
    17 | D:1      | Reached skill level 2 in Axes
    90 | D:1      | Reached XP level 2. HP: 19/19 MP: 2/2
   200 | D:1      | 200 ||| Stepping ~*~*~tactically~*~*~ (hiding).
   246 | D:1      | 246 ||| Stepping ~*~*~tactically~*~*~ (stealth).
   432 | D:1      | Reached skill level 3 in Axes
   432 | D:1      | Reached XP level 3. HP: 23/23 MP: 3/3
   477 | D:1      | 477 ||| Stepping ~*~*~tactically~*~*~ (stealth).
   502 | D:1      | 502 ||| Stepping ~*~*~tactically~*~*~ (stealth).
   799 | D:1      | 799 ||| Stepping ~*~*~tactically~*~*~ (stealth).
  1010 | D:1      | 1010 ||| READING scroll labelled NASKEQ DOA.
  1111 | D:1      | 1111 ||| READING scroll labelled XIAPPU YTRI.
  1365 | D:2      | Reached XP level 4. HP: 24/28 MP: 4/4
  1415 | D:2      | Noticed Terence
  1416 | D:2      | 1416 ||| Stepping ~*~*~tactically~*~*~ (stealth).
  1426 | D:2      | Killed Terence
  1427 | D:2      | Reached skill level 4 in Axes
  1469 | D:2      | 1469 ||| Stepping ~*~*~tactically~*~*~ (stealth).
  1873 | D:2      | 1873 ||| READING scroll labelled MICLES AHIACIUR.
  2101 | D:3      | Found a runed translucent gate.
  2102 | D:3      | Found a runed translucent gate.
  2103 | D:3      | Found a runed translucent gate.
  2105 | D:3      | Noticed qw's ghost (amateur DEHu)
  2291 | D:3      | Reached XP level 5. HP: 27/32 MP: 5/5
  2410 | D:3      | Found the Hermit's Pendant {Faith Invo=14 Evo=0 MP+5}
  2536 | D:3      | 2536 ||| DROPPING +0 whip.
  2661 | D:3      | 2661 ||| Stepping ~*~*~tactically~*~*~ (stealth).
  2669 | D:3      | Reached skill level 5 in Axes
  2778 | D:3      | 2778 ||| Stepping ~*~*~tactically~*~*~ (hiding).
  2799 | D:3      | 2799 ||| DROPPING +0 mace.
  2986 | D:3      | Found a blossoming altar of Fedhas.
  3001 | D:3      | 3001 ||| UPGRADING to amulet of the acrobat.
  3240 | D:3      | Found a broken altar of Ashenzari.
  3240 | D:3      | Found a hide-covered altar of Uskayaw.
  3375 | D:3      | 3375 ||| UPGRADING to Hermit's Pendant {Faith Invo=14 Evo=0
                  | MP+5}.
  3473 | D:3      | 3473 ||| DROPPING ring of magical power.
  3474 | D:3      | 3474 ||| READING 2 scrolls labelled BUMOUV KUMNIXU.
  3475 | D:3      | 3475 ||| READING scroll labelled BEAMIL LIKLIS.
  3476 | D:3      | 3476 ||| READING scroll labelled NESUUC ERCHAWAT.
  3477 | D:3      | 3477 ||| READING scroll labelled ODARIORY FOEKH.
  3478 | D:3      | 3478 ||| DROPPING scroll of fog.
  3501 | D:4      | 3501 ||| PLANNING SEWER
  3619 | D:4      | Found a radiant altar of Vehumet.
  3637 | D:4      | Found a burning altar of Makhleb.
  3643 | D:4      | Reached XP level 6. HP: 39/39 MP: 16/16
  3808 | D:4      | Reached skill level 1 in Dodging
  3861 | D:4      | Noticed Dowan
  3862 | D:4      | Noticed Duvessa
  3871 | D:4      | Killed Dowan
  3872 | D:4      | HP: 8/39 [something (2)]
  3875 | D:4      | HP: 2/39 [something (4)]
  3875 | D:4      | Slain by Duvessa

Levels and vault maps discovered:
D:1:      erik_arrival_orb_chamber, layout_basic
D:2:      layout_loops_cross, kennysheep_generic_room_15, uniq_terence,
          uniq_crazy_yiuf_cottage
D:3:      layout_basic, mainiacjoe_overflow_alcove_4,
          gammafunk_temple_overflow_wave, ebering_ghost_rock_garden,
          kennysheep_orc_chapel
D:4:      layout_gridville, grunt_temple_overflow_lords_of_destruction,
          cheibrodos_sewer_entry_bend, uniq_duvessa, uniq_blork_the_orc

Skill      XL: |  1  2  3  4  5  6 |
---------------+-------------------+-----
Axes           | 2 3 4 5 |  5.3
Fighting       | 4 |  4.4
Dodging        | 1 |  1.6
Armour         | |  3.2
Shields        | |  3.2

Action                     |  1- 3 |  4- 6 || total
---------------------------+-------+-------++-------
  Melee: War axe           |   103 |   128 ||   231
    Use: Scroll            |     2 |     5 ||     7
 Armour: Scale mail        |    53 |    58 ||   111
  Dodge: Dodged            |    45 |    68 ||   113
  Block: Buckler           |    28 |    19 ||    47

Table legend:
 A = Non-vault XP
 B = Vault XP
 C = Vault XP percentage of total XP
 D = Non-vault monster count
 E = Vault monster count
 F = Vault count percentage of total count
                 A         B        C        D         E       F
            +---------+---------+-------+---------+---------+-------
      Total |     298 |     224 |  42.9 |      65 |       8 |  11.0
            +---------+---------+-------+---------+---------+-------
        D:1 |      58 |       0 |   0.0 |      25 |       0 |   0.0
        D:2 |      28 |      54 |  65.9 |      15 |       3 |  16.7
        D:3 |      56 |      47 |  45.6 |      20 |       3 |  13.0
        D:4 |     156 |     123 |  44.1 |       5 |       2 |  28.6
            +---------+---------+-------+---------+---------+-------
